 Dungeon Crawl Stone Soup version 0.25-a0-988-g4617b10 (webtiles) character file.

Game seed: 10942753093377907872, levelgen mode: deterministic

137 EmperorTekkless the Shield-Bearer (level 5, 0/34 HPs)
             Began as a Gargoyle Fighter on May 9, 2020.
             Slain by a crocodile (11 damage)
             ... in a sewer.
             The game lasted 00:05:00 (2336 turns).

EmperorTekkless the Shield-Bearer (GrFi)            Turns: 2336, Time: 00:05:01

Health: 0/34       AC: 16    Str: 20    XL:     5   Next: 20%
Magic:  5/5        EV:  4    Int:  9    God:
Gold:   70         SH:  9    Dex:  9    Spells: 4/4 levels left

rFire    . . .     SeeInvis .   a - +0 flail
rCold    . . .     Gourm    .   c - +0 kite shield
rNeg     + . .     Faith    .   m - +0 plate armour
rPois    ∞         Spirit   .   (no helmet)
rElec    +         Reflect  .   (no cloak)
rCorr    .         Harm     .   i - +0 pair of gloves
MR       .....                  (no boots)
Stlth    ..........             (no amulet)
HPRegen  0.11/turn              (no ring)
MPRegen  0.09/turn              (no ring)

@: very slow
A: negative energy resistance 1, electricity resistance, unbreathing,
petrification resistance, rot immunity, AC +4
a: no special abilities


You were in a sewer.
You were not hungry.

You visited 1 branch of the dungeon, and saw 3 of its levels.
You also visited: Sewer.

You collected 70 gold pieces.

Inventory:

Hand Weapons
 a - a +0 flail (weapon)
Armour
 b - a +0 scale mail
 c - a +0 kite shield (worn)
 i - a +0 pair of gloves (worn)
 m - a +0 plate armour (worn)
 r - a +1 ring mail of fire resistance
Jewellery
 k - an uncursed ring of protection from cold {unknown}
Wands
 g - a wand of polymorph (5)
 o - a wand of random effects (11)
Scrolls
 h - 2 scrolls of teleportation {unknown}
 l - a scroll of enchant armour {unknown}
 n - a scroll of identify {unknown}
 p - a scroll of fear {unknown}
Potions
 d - a potion of might
 e - a potion of stabbing {unknown}
 j - 2 potions of invisibility {unknown}
 s - a potion of flight {unknown}
 t - a potion of heal wounds {unknown}
Comestibles
 f - 4 rations


   Skills:
 + Level 4.6 Fighting
 - Level 2.0 Maces & Flails
 - Level 3.2 Armour
 - Level 0.6 Dodging
 + Level 0.6 Stealth
 + Level 5.1 Shields


You had 4 spell levels left.
You didn't know any spells.
Your spell library was empty.

Dungeon Overview and Level Annotations

Branches:
Dungeon (3/15)              Sewer (1/1)

Altars:
Xom
The Shining One


Innate Abilities, Weirdness & Mutations

You are resistant to torment.
Your stone body is resilient. (AC +4)
You are immune to poison.
You resist negative energy. (rN+)
You are resistant to electric shocks. (rElec)
You can survive without breathing.
You are immune to petrification.
You are immune to rotting.


Message History

You are too injured to fight recklessly!
You are too injured to fight recklessly!
You are too injured to fight recklessly!
You are too injured to fight recklessly!
You are too injured to fight recklessly!
You are too injured to fight recklessly!
You enter the shallow water.
Moving in this stuff is going to be slow.
You block the crocodile's attack. You block the crocodile's attack.
All of the chunks of flesh in your inventory have rotted away.
You enter the shallow water.
Moving in this stuff is going to be slow.
You block the crocodile's attack.
You enter the shallow water.
Moving in this stuff is going to be slow.
You enter the shallow water.
Moving in this stuff is going to be slow.
The crocodile bites you!
You die...

### #≈# ######≈#
####### #...##≈##
###.≈.... #.∩.#.≈.#
###.≈..≈≈..
#†∩...≈.#
###..≈.≈####.
#...).≈≈###.....###
##
#####.@t≈..≈...##
#.....≈≈###.≈...#
#.....≈.# ###.≈..≈#
#...#.≈.# ###.≈....
. #...##≈##
##....≈. ##.###≈#
###### #..##≈#
#..##≈# #..####


You could see a crocodile.

Vanquished Creatures
  Terence (D:2)
  3 adders
  2 worms
  3 dart slugs
  2 leopard geckos
  8 bats
  5 giant cockroaches
  6 hobgoblins
  5 jackals
  12 kobolds
  A ball python (D:2)
  2 frilled lizards
  8 goblins
  9 rats
67 creatures vanquished.

Notes
Turn   | Place    | Note
-------+----------+-------------------------------------------
     0 | D:1      | EmperorTekkless the Gargoyle Fighter began the quest for
                  | the Orb.
     0 | D:1      | Reached XP level 1. HP: 14/14 MP: 1/1
    49 | D:1      | Reached XP level 2. HP: 19/19 MP: 2/2
   372 | D:1      | Reached XP level 3. HP: 20/24 MP: 3/3
   455 | D:1      | Reached skill level 4 in Shields
  1226 | D:2      | Reached XP level 4. HP: 29/29 MP: 4/4
  1362 | D:2      | Found a glowing golden altar of the Shining One.
  1392 | D:2      | Noticed Terence
  1400 | D:2      | Killed Terence
  1693 | D:2      | Found a shimmering altar of Xom.
  1918 | D:3      | Reached XP level 5. HP: 24/34 MP: 5/5
  2045 | D:3      | Noticed an ice beast
  2141 | D:3      | Found a glowing drain.
  2153 | D:3      | Reached skill level 5 in Shields
  2210 | Sewer    | Entered a sewer
  2294 | Sewer    | Noticed a crocodile
  2336 | Sewer    | Slain by a crocodile

Illustrated notes

Levels and vault maps discovered:
D:1:      dpeg_arrival_stonehenge_8_columns, layout_basic,
          hangedman_decor_clover_reticule
D:2:      layout_loops_corners, xom_butterflies, lemuel_doored_altar,
          minmay_misc_feat_iff, st_stairs_2, uniq_terence
D:3:      layout_basic, nicolae_overflow_crystal_walls, first_ration,
          portal_sewer_entry_f
Sewer:    sewer_the_crocodile

Skill      XL: |  1  2  3  4  5 |
---------------+----------------+-----
Shields        | 4 5 |  5.1
Fighting       | 4 |  4.6
Maces & Flails | |  2.0
Armour         | |  3.2
Dodging        | |  0.6
Stealth        | |  0.6

Action                   |  1- 3 |  4- 6 || total
-------------------------+-------+-------++-------
Melee: Flail             |   114 |   170 ||   284
       Unarmed           |       |     1 ||     1
  Eat: Chunk             |     1 |     4 ||     5
Armor: Scale mail        |    52 |     5 ||    57
       Plate armour      |       |   169 ||   169
Dodge: Dodged            |    26 |    41 ||    67
Block: Kite shield       |    52 |   122 ||   174

Table legend:
 A = Non-vault XP
 B = Vault XP
 C = Vault XP percentage of total XP
 D = Non-vault monster count
 E = Vault monster count
 F = Vault count percentage of total count
                 A         B        C        D         E       F
            +---------+---------+-------+---------+---------+-------
      Total |     140 |      56 |  28.6 |      56 |      11 |  16.4
            +---------+---------+-------+---------+---------+-------
        D:1 |      52 |       0 |   0.0 |      27 |       0 |   0.0
        D:2 |      63 |      38 |  37.6 |      23 |       2 |   8.0
        D:3 |      25 |       9 |  26.5 |       6 |       4 |  40.0
      Sewer |       0 |       9 | 100.0 |       0 |       5 | 100.0
            +---------+---------+-------+---------+---------+-------
